Celery, chaotic female sylph Rogue --------- |...|.... |.|.|.|.--------- e |.|...|.........| ---.-------------.| |.....| .....|.| ----------- |.----- |.....-.| MM^ |.........| |.| |*+...|.| -.fE% ----|.........| |.| -------.| |.V.. |...-....<....| |.| |.....| |...---------.--|.*....^.)| --- |.---.| ..........|...| |.........| ...---.|.|.--- ----------- |.|...| ------- Celery the Rogue Experience level: 9 Strength: 17 Dexterity: 19 Constitution: 14 Intelligence: 10 Wisdom: 12 Charisma: 9 Health: 0(70) Energy: 58(58) Def: 1 Gold: 0 Moves: 14416 Dungeon seed: Oxtay5gQkuWtySgz Game ID: Celery_1470252035 Your Inventory: Weapons l - a blessed corroded +2 dagger (weapon in hand) o - 9 uncursed +0 daggers (in quiver) W - an uncursed +1 dagger Armor n - an uncursed +1 mummy wrapping w - an uncursed +1 dwarvish cloak (being worn) Potions f - an uncursed potion of restore ability Rings H - an uncursed +1 ring of gain strength (on left hand) U - an uncursed ring of cold resistance X - an uncursed ring of sustain ability Wands h - an uncursed wand of opening (0:1) A - an uncursed wand of sleep (0:5) C - an uncursed wand of enlightenment (0:11) K - an uncursed wand of teleportation (0:7) T - an uncursed wand of digging (0:5) Tools d - an uncursed lock pick e - an uncursed +0 unicorn horn g - an uncursed oil lamp (0:1061) s - a blessed bag of holding u - an uncursed stethoscope x - an uncursed +0 pick-axe (alternate weapon; not wielded) I - an uncursed towel L - an uncursed +0 unicorn horn Gems a - an uncursed diamond c - an uncursed emerald q - an uncursed garnet stone r - 2 uncursed worthless pieces of yellow glass y - an uncursed topaz stone z - an uncursed worthless piece of violet glass B - 2 uncursed worthless pieces of green glass E - 2 uncursed worthless pieces of blue glass F - an uncursed worthless piece of white glass G - 3 uncursed worthless pieces of red glass N - an uncursed worthless piece of yellowish brown glass S - 2 uncursed rubies Y - 3 uncursed worthless pieces of black glass Contents of the bag of holding: 2177 gold pieces a cursed amulet of reflection an uncursed +1 dagger 5 uncursed +0 daggers an uncursed burnt +1 leather cloak an uncursed +0 pair of water walking boots 5 uncursed scrolls of blank paper a cursed scroll of blank paper a blessed scroll of confuse monster an uncursed scroll of destroy armor 2 uncursed scrolls of earth an uncursed scroll of enchant armor a cursed scroll of enchant armor an uncursed scroll of enchant weapon a blessed scroll of light 2 uncursed scrolls of light 2 uncursed scrolls of scare monster an uncursed scroll of scare monster an uncursed scroll of teleportation an uncursed scroll of water a cursed scroll of water an uncursed potion of booze an uncursed potion of gain level 2 blessed potions of healing an uncursed potion of healing a potion of holy water an uncursed potion of levitation a cursed potion of oil an uncursed potion of paralysis a blessed potion of sickness a cursed potion of speed an uncursed wand of enlightenment (0:10) an uncursed wand of lightning (0:3) an uncursed wand of striking (0:5) an uncursed wand of striking (0:5) an uncursed sack 3 uncursed tallow candles (0:200) 5 uncursed wax candles (0:400) 2 uncursed aquamarine stones 2 uncursed jasper stones an uncursed topaz stone 2 uncursed worthless pieces of green glass 2 uncursed worthless pieces of orange glass 3 uncursed worthless pieces of violet glass 3 uncursed worthless pieces of white glass an uncursed worthless piece of yellowish brown glass Spells and supernatural/magical abilities: Name Level Category Fail Memory z - sleep 1 enchantment 48% 89% I - identify 3 divination 100% 46% W - pray for help -- divine ? -- Your skills at the end: Miscellaneous Skills wands [Basic] Weapon Skills dagger [Expert] short sword [Basic] Spellcasting Skills healing spells [Basic] Final Attributes: You were piously aligned. You saw invisible. You had infravision. You were displaced. You were stealthy. You were protected from shape changers. You were lucky. You are dead. Vanquished creatures: 2 giant mimics a large mimic a wumpus a long worm a water demon 2 small mimics a shocking sphere a large cat a dwarf king a tengu a chameleon 2 crocodiles 3 giant beetles a cockatrice a winter wolf cub 2 leprechauns 2 spotted jellies a lizard a mountain nymph a mumak 2 giant spiders an ice vortex 4 gnome kings an orc mummy 2 owlbears a yeti a gold golem a werewolf a housecat a jaguar 4 dwarf lords 3 blue jellies 2 white unicorns a dust vortex a raven a plains centaur a snake 2 apes 3 human zombies a rope golem 3 baby crocodiles a Mordor orc 3 rock moles a woodchuck 2 rock piercers 2 ponies 2 fog clouds 9 gnome lords 7 gnomish wizards 3 kobold mummies a black naga hatchling 2 guardian naga hatchlings a gray ooze a ghoul a straw golem 2 paper golems 2 giant ants 3 little dogs 5 floating eyes a kitten 19 dwarves 3 kobold lords 4 iguanas 4 rothes a monkey 2 orc zombies a dwarf zombie 2 werejackals 3 coyotes 5 gas spores a hobbit 2 acid blobs 3 large kobolds 7 geckos a hobgoblin 2 giant rats a cave spider 2 brown molds a yellow mold 3 green molds 3 red molds 53 gnomes 4 garter snakes 3 manes 4 gnome zombies 24 jackals 4 foxes 4 kobolds 10 newts 3 goblins 6 sewer rats 17 grid bugs 6 bats 20 lichens 4 kobold zombies 345 creatures vanquished. Voluntary challenges: You were vegetarian. You had followed a strict vegan diet until turn 5514. You had been an atheist until turn 8594. You used a wielded weapon 450 times, starting on turn 48. You read items or engraved 36 times, starting on turn 1140. You never genocided any monsters. You polymorphed 44 items, starting on turn 8863. You changed form 1 time, starting on turn 12454. You completed Sokoban on turn 6620, according to the rules. You used 2 wishes, starting on turn 3477. You did not wish for any artifacts. You never split a pudding. You never wrote Elbereth's name. You never violated your personal moral code. Dungeon overview: The Dungeons of Doom: levels 1 to 6 Level 1 some fountains a long staircase Level 2 a fountain Level 3 stairs to The Gnomish Mines Level 4 a fountain Level 5 many fountains Level 6 a general store, a fountain stairs to Sokoban The Gnomish Mines: levels 4 to 11 Level 4 stairs to The Dungeons of Doom Level 5 Level 6 many shops, a temple to Kos, a magic chest, some fountains Level 7 Level 8 Level 9 Level 10 Level 11 <- You were here Sokoban: levels 2 to 5 Level 2 a magic chest Level 3 Level 4 Level 5 a magic chest stairs to The Dungeons of Doom History has recorded: On T:1 you entered the Dungeons of Doom to retrieve the Amulet of Yendor! On T:538 you reached level 2 of The Dungeons of Doom. On T:1041 you reached level 3 of The Dungeons of Doom. On T:1115 you advanced to experience level 2. On T:1425 you reached level 4 of The Dungeons of Doom. On T:1591 you advanced to experience level 3. On T:1879 you reached level 5 of The Dungeons of Doom. On T:2058 you advanced to experience level 4. On T:2511 you reached level 6 of The Dungeons of Doom. On T:3026 you advanced to experience level 5. On T:3180 you reached level 4 of Sokoban. On T:3314 you opened a magic chest. On T:3341 you opened a magic chest. On T:3477 you wished for "blessed fixed greased +3 cloak of protection". On T:3536 you wished for "blessed spellbook of identify". On T:3584 you opened a magic chest. On T:3591 you opened a magic chest. On T:3850 you opened a magic chest. On T:3859 you reached level 3 of Sokoban. On T:4486 you advanced to experience level 6. On T:4547 you reached level 2 of Sokoban. On T:5531 you reached level 1 of Sokoban. On T:6620 you advanced to experience level 7. On T:6620 you entered the Sokoban zoo. On T:6714 you opened a magic chest. On T:6715 you opened a magic chest. On T:6716 you opened a magic chest. On T:7074 you opened a magic chest. On T:7244 you advanced to experience level 8. On T:7245 you received advice from The Oracle. On T:7245 you advanced to experience level 9. On T:7403 you reached level 1 of The Gnomish Mines. On T:8127 you reached level 2 of The Gnomish Mines. On T:8524 you reached level 3 of The Gnomish Mines. On T:8583 you entered the Minetown temple On T:8612 you opened a magic chest. On T:8798 you opened a magic chest. On T:8983 you opened a magic chest. On T:8985 you opened a magic chest. On T:8988 you opened a magic chest. On T:9699 you opened a magic chest. On T:9776 you opened a magic chest. On T:9812 you opened a magic chest. On T:9869 you opened a magic chest. On T:9949 you opened a magic chest. On T:10111 you reached level 4 of The Gnomish Mines. On T:10611 you opened a magic chest. On T:10723 you opened a magic chest. On T:10723 you opened a magic chest. On T:11066 you opened a magic chest. On T:11514 you reached level 5 of The Gnomish Mines. On T:12042 you opened a magic chest. On T:12835 you reached level 6 of The Gnomish Mines. On T:13390 you reached level 7 of The Gnomish Mines. On T:13521 you reached level 8 of The Gnomish Mines. On T:13521 you reached the bottom of the Mines. On T:13683 you advanced to experience level 10. Score breakdown: Gold: 2177 ( 217 points) Experience: 9 levels ( 800 points) Exploration: 11 levels ( 300 points) Discoveries: 31 items ( 1550 points) Variety of kills: 95 monsters ( 2000 points) Major goal: Sokoban/Mines ( 1500 points) Survival: died (score multiplied by 3) Total score: 19101 Latest messages: The vampire scratches you! The vampire bites! The gnome mummy scratches you! The dwarf mummy scratches you! You throw 2 daggers. The 1st dagger hits the vampire! The 2nd dagger hits the vampire. Taco bites the gnome mummy. The gnome mummy scratches Taco. The vampire scratches you! The vampire bites! The gnome mummy scratches you! You throw 2 daggers. The 1st dagger hits the vampire! The 2nd dagger hits the vampire! Taco bites the gnome mummy. The gnome mummy misses Taco. The vampire scratches you! The vampire bites! Goodbye level 10. You feel less perceptive! The gnome mummy scratches you! The dwarf mummy scratches you! You die... Final status: Goodbye Celery the Rogue, killed by a dwarf mummy... You died in The Gnomish Mines on dungeon level 11 with 19101 points, and 2177 pieces of gold, after 14416 moves. You were level 9 with a maximum of 70 hit points when you died.